 Dungeon Crawl Stone Soup version 0.32-a0-350-g4f4d228785 (webtiles) character file.

Game seed: 7350934337102601674

12479 CactusGiant the Thaumaturge (level 11, 0/97 HPs)
             Began as a Deep Elf Summoner on Feb 17, 2024.
             Was a Priest of Kikubaaqudgha.
             Slain by an elephant (3 damage)
             ... on level 1 of the Lair of Beasts.
             The game lasted 00:23:06 (12936 turns).

CactusGiant the Thaumaturge (Deep Elf Summoner)    Turns: 12936, Time: 00:23:06

Health: 0/97       AC: 25    Str:  5    XL:     11   Next: 63%
Magic:  20/29      EV:  2    Int: 25    God:    Kikubaaqudgha [***...]
Gold:   632        SH:  0    Dex: 15    Spells: 27/34 levels left

rFire   . . .        Q - +0 short sword (venom)
rCold   + . .        I - orb {light}
rNeg    . . .        D - melded +0 troll leather armour
rPois   +            (helmet currently unavailable)
rElec   .            j - melded scarf {repulsion}
rCorr   .            (gloves currently unavailable)
SInv    +            t - melded +0 pair of boots
Will    ++...        G - amulet of the acrobat
Stlth   ++           r - ring of protection from cold
HPRegen 0.36/turn    y - ring of see invisible
MPRegen 0.21/turn

%: acrobat
@: mighty, tree-form, attractive, enlightened, glowing, inugami summoned
A: stationary, stasis, torment immunity, boosted hp
a: Renounce Religion, Unearth Wretches


You were on level 1 of the Lair of Beasts.
You worshipped Kikubaaqudgha.
Kikubaaqudgha was most pleased with you.
You were a tree.
You visited 3 branches of the dungeon, and saw 12 of its levels.

You collected 632 gold pieces.

Inventory:

Hand Weapons
 c - a +0 falchion
 K - a +2 whip of draining
 Q - a +0 short sword of venom (weapon)
Armour
 j - a scarf of repulsion (melded)
 k - a +0 buckler
 t - a +0 pair of boots (melded)
 w - a +2 robe of cold resistance
 D - a +0 troll leather armour (melded)
 I - an orb of light (worn)
 L - a +0 cloak of poison resistance
 P - +0 steam dragon scales
Jewellery
 e - an amulet of reflection
 r - a ring of protection from cold (left branch)
 x - a ring of positive energy
 y - a ring of see invisible (right branch)
 G - an amulet of the acrobat (around neck)
 O - a ring of protection from fire
 T - a ring of magical power
Wands
 z - a wand of charming (22)
 A - a wand of flame (8)
 J - a wand of polymorph (12)
 M - a wand of mindburst (1)
Scrolls
 f - 2 scrolls of silence {!r}
 g - 3 scrolls of amnesia
 h - 2 scrolls of poison
 l - 2 scrolls of enchant weapon
 n - 5 scrolls of teleportation {@r3}
 p - a scroll of revelation {@r5}
 s - a scroll of noise
 C - a scroll of brand weapon
 H - 2 scrolls of enchant armour
 N - a scroll of torment
 U - a scroll of identify {@r1}
 V - a scroll of acquirement {unknown}
Potions
 a - a potion of resistance {unknown}
 b - 2 potions of magic
 d - 2 potions of degeneration {unknown}
 i - 3 potions of might {@q3}
 m - a potion of mutation {unknown}
 o - 3 potions of brilliance {unknown}
 q - 3 potions of enlightenment
 u - 2 potions of berserk rage {unknown}
 v - 2 potions of heal wounds {unknown}
 B - 2 potions of ambrosia {unknown}
 E - a potion of curing {unknown}
 F - 2 potions of lignification
 R - a potion of attraction
 S - a potion of cancellation {unknown}


   Skills:
 + Level 6.3 Fighting
 + Level 9.6 Dodging
 - Level 10.0 Stealth
 + Level 12.0 Spellcasting
 + Level 10.7 Summonings
 - Level 5.0 Air Magic


You had 27 spell levels left.
You knew the following spells:

 Your Spells              Type           Power      Damage    Failure   Level
c - Call Canine Familiar  Summ           62%        N/A       1%          3
l - Summon Lightning Spi  Summ/Air       53%        N/A       1%          4

Your spell library contained the following spells:

 Spells                   Type           Power      Damage    Failure   Level
 Shock                    Conj/Air       100%       1d9       1%          1
 Summon Small Mammal      Summ           100%       N/A       1%          1
 Call Imp                 Summ           100%       N/A       1%          2
 Swiftness                Air            40%        N/A       1%          3
 Cigotuvi's Dreadful Rot  Necr/Alch/Air  46%        N/A       3%          2
 Apportation              Tloc           30%        N/A       4%          1
 Freeze                   Ice            60%        1d7       4%          1
 Kiss of Death            Conj/Necr      60%        2d10      4%          1
 Necrotise                Necr           60%        1d7       4%          1
 Sting                    Conj/Alch      60%        1d6       4%          1
 Airstrike                Air            20%        2d(3-19)  4%          4
 Summon Blazeheart Golem  Fire/Summ      41%        N/A       4%          4
 Mephitic Cloud           Conj/Alch/Air  23%        N/A       6%          3
 Dazzling Flash           Conj/Hex       30%        N/A       12%         3
 Frozen Ramparts          Ice            30%        1d5       12%         3
 Fugue of the Fallen      Necr           15%        N/A       12%         3
 Hailstorm                Conj/Ice       15%        3d6       12%         3
 Volatile Blastmotes      Fire/Tloc      30%        2d12      12%         3
 Anguish                  Hex/Necr       7%         N/A       36%         4
 Dispel Undead            Necr           15%        3d10      36%         4
 Silence                  Hex/Air        13%        N/A       36%         5
 Curse of Agony           Necr           15%        N/A       73%         5
 Death Channel            Necr           7%         N/A       99%         6
 Starburst                Conj/Fire      7%         6d4       99%         6
 Maxwell's Capacitive Co  Air            20%        ∞         100%        8


Dungeon Overview and Level Annotations

Branches:
Dungeon (10/15)            Temple (1/1) D:4            Lair (1/5) D:10
    Orc (0/2) D:9

Altars:
Ashenzari
Cheibriados
Dithmenos
Elyvilon
Fedhas
Gozag
Hepliaklqana
Kikubaaqudgha
Makhleb
Nemelex Xobeh
Okawaru
Qazlal
Ru
Sif Muna
Trog
Uskayaw
Vehumet
Wu Jian
Xom
Yredelemnul
Zin
The Shining One

Shops:
D:1 [   D:5 [

Annotations:
D:10 exclusion: orange crystal statue


Message History

Unknown command.
Unknown command.
It was a potion of enlightenment.
You feel very buoyant.
You fly up into the air.
The ice encasing you melts away.
Your lightning spire shoots out a bolt of lightning at the elephant!
The bolt of electricity hits the elephant! x2
The elephant dies!
Kikubaaqudgha accepts your kill. The elephant barely misses you. x4
Your Spellcasting skill increases to level 12!
It was a potion of might.
You feel very mighty all of a sudden. The elephant closely misses you.
The elephant trunk-slaps you.
* * * LOW HITPOINT WARNING * * *
Your inugami hits the elephant! The elephant closely misses you.
The elephant trunk-slaps you.
* * * LOW HITPOINT WARNING * * *
The rime drake misses you.
It was a potion of lignification.
You turn into a tree.
Your scarf of repulsion melds into your body.
Your +0 pair of boots melds into your body.
Your +0 troll leather armour melds into your body.
The haze of the repulsion field disappears.
Your roots penetrate the ground.
The rime drake bites you but does no damage.
Your inugami hits the elephant but does no damage.
The elephant tramples you.
* * * LOW HITPOINT WARNING * * *
The elephant trunk-slaps you but does no damage.
The elephant tramples you.
* * * LOW HITPOINT WARNING * * *
The elephant trunk-slaps you but does no damage.
It was a potion of attraction.
You feel attractive to monsters.
The rime drake bites you but does no damage.
The elephant tramples you.
You die...
Kikubaaqudgha rasps: You have failed me!
Welcome... death!

..... #...### #
#.....# #.
##.....# #
...#####P.....##.#
#.................
#......††......$..
....!.†..hYI......
.........Y♣k......
P...((.....>.###..
#...P........# .
...(((......!..
.................
.......#.........#
.#....##..........
#... #!.........


You could see 2 elephants, a rime drake, a friendly lightning spire (summoned)
and a friendly inugami (summoned).

Vanquished Creatures
  An elephant (Lair:1)
  6 yaks
  A steam dragon (D:9)
  An acid dragon (D:8)
  2 orc warriors
  A hound (D:5)
  An orc priest (D:9)
  4 orc wizards
  2 adders
  A shadow imp (D:7)
  A white imp (D:7)
  8 orcs
  2 ball pythons
  An endoplasm (D:1)
  3 giant cockroaches
  2 goblins
  2 hobgoblins (D:1)
  A kobold (D:4)
  2 quokkas
  A bat (D:3)
  2 rats (D:3)
45 creatures vanquished.

Vanquished Creatures (collateral kills)
  Erolcha (D:10)
  Maurice (D:7)
  A manticore (D:9)
  2 elephants (Lair:1)
  A gargoyle (D:10)
  A komodo dragon (D:10)
  3 trolls
  Prince Ribbit (D:5)
  Grinder (D:5)
  Sigmund (D:3)
  A shadow (D:10)
  17 yaks
  2 vampires (D:10)
  A wyvern (D:10)
  2 steam dragons
  2 acid dragons
  6 orc warriors
  3 ice beasts
  2 sky beasts
  An ogre (D:4)
  5 centaurs
  A phantom (D:6)
  2 kobold brigands
  4 bullfrogs
  A scorpion (D:5)
  3 wights
  6 howler monkeys
  2 bombardier beetles
  6 orc priests
  A hound (D:4)
  Ijyb (D:5)
  4 iguanas
  A sleepcap (D:7)
  14 orc wizards
  A gnoll (D:1)
  6 adders
  4 white imps
  2 dart slugs
  3 ribbon worms (D:3)
  55 orcs
  A bat (D:3)
  4 endoplasms
  A goblin (D:1)
  7 hobgoblins
  2 jackals (D:1)
  4 quokkas
  5 ball pythons
  A frilled lizard (D:1)
  8 kobolds
  3 rats
208 creatures vanquished.

Vanquished Creatures (others)
  A wight (D:6)
  A killer bee (D:10)
2 creatures vanquished.

Grand Total: 255 creatures vanquished

Notes
Turn   | Place    | Note
-------+----------+-------------------------------------------
     0 | D:1      | CactusGiant the Deep Elf Summoner began the quest for the
                  | Orb.
     0 | D:1      | Reached XP level 1. HP: 10/10 MP: 6/6
   191 | D:1      | Reached XP level 2. HP: 15/15 MP: 3/8
   308 | D:1      | Reached skill level 4 in Spellcasting
   452 | D:1      | Reached skill level 5 in Summonings
   452 | D:1      | Reached XP level 3. HP: 11/19 MP: 7/10
   456 | D:1      | Learned a level 3 spell: Call Canine Familiar
   708 | D:1      | Found Yrphunu's Armour Shoppe.
  1508 | D:2      | Reached XP level 4. HP: 24/24 MP: 12/12
  1924 | D:3      | Noticed Sigmund
  1932 | D:3      | Killed Sigmund
  1933 | D:3      | Reached skill level 6 in Spellcasting
  1933 | D:3      | Reached XP level 5. HP: 28/28 MP: 7/15
  2271 | D:3      | Reached XP level 6. HP: 27/32 MP: 11/17
  2279 | D:3      | Learned a level 4 spell: Summon Lightning Spire
  2475 | D:4      | Found a staircase to the Ecumenical Temple.
  2484 | Temple   | Entered the Ecumenical Temple
  2607 | D:4      | Reached skill level 1 in Air Magic
  3055 | D:4      | Found a shimmering altar of Xom.
  3371 | D:4      | Reached skill level 1 in Fighting
  3750 | D:5      | Entered Level 5 of the Dungeon
  3757 | D:5      | Reached XP level 7. HP: 37/38 MP: 15/19
  3923 | D:5      | Noticed Grinder
  3945 | D:5      | Killed Grinder
  3946 | D:5      | Reached skill level 7 in Spellcasting
  4102 | D:5      | Found Moqer's Armour Shoppe.
  4362 | D:5      | Reached XP level 8. HP: 44/44 MP: 21/21
  4381 | D:5      | Noticed Prince Ribbit
  4395 | D:5      | Killed Prince Ribbit
  4603 | D:5      | Noticed Ijyb
  4766 | D:5      | Killed Ijyb
  4767 | D:5      | Reached skill level 5 in Stealth
  5293 | D:6      | Reached skill level 8 in Spellcasting
  5368 | D:6      | Reached skill level 5 in Dodging
  5398 | D:6      | Noticed a troll
  5417 | D:6      | Killed a troll
  5531 | D:6      | Reached XP level 9. HP: 51/51 MP: 18/23
  6745 | D:7      | Found an ancient bone altar of Kikubaaqudgha.
  6815 | D:7      | Became a worshipper of Kikubaaqudgha
  6905 | D:7      | Reached skill level 9 in Spellcasting
  7246 | D:7      | Reached skill level 5 in Air Magic
  7316 | D:7      | Noticed Maurice
  7457 | D:7      | Killed Maurice
  8313 | D:8      | Reached XP level 10. HP: 58/58 MP: 21/25
  8992 | D:9      | Found an iron altar of Okawaru.
  9012 | D:9      | Noticed a manticore
  9023 | D:9      | Killed a manticore
  9135 | D:9      | Reached * piety under Kikubaaqudgha
  9135 | D:9      | Received a gift from Kikubaaqudgha
  9230 | D:9      | Found a staircase to the Orcish Mines.
  9334 | D:9      | Reached skill level 10 in Spellcasting
  9528 | D:9      | Reached skill level 5 in Fighting
  9528 | D:9      | Reached ** piety under Kikubaaqudgha
 10279 | D:10     | Entered Level 10 of the Dungeon
 10350 | D:10     | Reached skill level 11 in Spellcasting
 10350 | D:10     | Reached XP level 11. HP: 64/64 MP: 10/28
 10472 | D:10     | Found a runed translucent door.
 10484 | D:10     | Found a runed translucent door.
 10496 | D:10     | Found a runed translucent door.
 10525 | D:10     | Reached skill level 10 in Summonings
 10601 | D:10     | Found a runed translucent door.
 10645 | D:10     | Found a staircase to the Lair.
 10767 | D:10     | Found a hide-covered altar of Uskayaw.
 10836 | D:10     | Found a radiant altar of Vehumet.
 10977 | D:10     | Found a glowing silver altar of Zin.
 11149 | D:10     | Identified the +7 leather armour "Isaiw" {Int+3 Dex+3
                  | Slay+3}
 11191 | D:10     | Reached *** piety under Kikubaaqudgha
 11191 | D:10     | Received a gift from Kikubaaqudgha
 11255 | D:10     | Noticed Erolcha
 11509 | D:10     | Reached skill level 10 in Stealth
 11856 | D:10     | Noticed an orange crystal statue
 12356 | D:10     | Found a staircase to the Lair.
 12502 | D:10     | Killed Erolcha
 12548 | D:10     | Found a hide-covered altar of Uskayaw.
 12682 | D:10     | Found a glowing silver altar of Zin.
 12905 | Lair:1   | Entered Level 1 of the Lair of Beasts
 12934 | Lair:1   | Reached skill level 12 in Spellcasting
 12935 | Lair:1   | HP: 3/97 [elephant (5)]
 12936 | Lair:1   | Slain by an elephant

Illustrated notes

Levels and vault maps discovered:
D:1:      matt_arrival_grand_opening, layout_loops_ring, serial_shops, shop
D:2:      layout_rooms
D:3:      layout_basic, minmay_pentangle, uniq_sigmund
D:4:      layout_layer_cave, mainiacjoe_overflow_surrounded_room,
          minmay_temple_entry_mini_moons, kennysheep_generic_room_11
D:5:      layout_loops_ring, serial_shops, kennysheep_mini, uniq_prince_ribbit1,
          uniq_ijyb, uniq_grinder
D:6:      layout_loops_ring, kb_rosetta
D:7:      layout_cave_pods, kennysheep_mini_moat, uniq_maurice
D:8:      layout_basic
D:9:      layout_roguey [special_room_orc], okawaru_trees_2, hiddenorc1_lemuel
D:10:     minmay_recursive_quarters, layout_loops_cross, lemuel_tele_altar,
          nicolae_uskayaw_murder_on_the_dancefloor, zin_scriptorium,
          minmay_statue_crystal_thing, uniq_erolcha
Temple:   compressed_dpeg_triangle_lava_temple
Lair:1:   layout_layer_cave, gammafunk_ghost_wrathful_warriors,
          lemuel_fruit_tree

Skill      XL: |  1  2  3  4  5  6  7  8  9 10 11 |
---------------+----------------------------------+-----
Spellcasting   | 4 6 7 8 9 11 12 | 12.0
Summonings     | 5 6 7 8 9 10 | 10.7
Air Magic      | 1 2 4 5 |  5.0
Stealth        | 3 4 5 7 9 10 | 10.0
Fighting       | 1 2 3 4 5 6 |  6.3
Dodging        | 3 4 5 6 8 9 |  9.6

Action                     |  1- 3 |  4- 6 |  7- 9 | 10-12 || total
---------------------------+-------+-------+-------+-------++-------
  Melee: Falchion          |    23 |    45 |    75 |       ||   143
         Unarmed           |     2 |       |       |       ||     2
         Whip              |       |       |     6 |    36 ||    42
         Short sword       |       |       |       |    67 ||    67
   Cast: Summon Small Mamm |    34 |    37 |    36 |     7 ||   114
         Call Canine Famil |     4 |    16 |    41 |    43 ||   104
         Summon Lightning  |       |       |    21 |    44 ||    65
  Evoke: Wand              |       |       |    12 |     2 ||    14
    Use: Scroll            |       |     7 |     3 |     5 ||    15
         Potion            |       |       |       |     4 ||     4
   Stab: Sleeping          |     3 |     1 |     2 |     1 ||     7
         Distracted        |       |       |       |    10 ||    10
 Armour: Robe              |    18 |    28 |    32 |       ||    78
         Troll leather arm |       |       |    48 |    83 ||   131
         Skin              |       |       |     3 |     7 ||    10
  Dodge: Dodged            |    22 |    27 |    78 |   103 ||   230
         Repelled          |       |       |     5 |     2 ||     7
  Block: Buckler           |     2 |    16 |    63 |       ||    81
         Reflection        |       |       |    10 |       ||    10

Table legend: (Time is in decaauts)
 A = Elapsed time spent in this place.
 B = Non-inter-level travel time spent in this place.
 C = Inter-level travel time spent in this place.
 D = Time resting spent in this place.
 E = Time spent auto-exploring this place.
 F = Levels seen in this place.
 G = Mean time per level.
                   A        B        C        D        E       F      G
               +--------+--------+--------+--------+--------+-----+--------+
         Total |  12981 |  12273 |    708 |   1033 |   9061 |  12 | 1081.8 |
       Dungeon |  12860 |  12155 |    705 |    962 |   9060 |  10 | 1286.0 |
        Temple |     89 |     86 |      3 |     71 |      0 |   1 |   89.0 |
          Lair |     31 |     31 |      0 |      0 |      1 |   1 |   31.0 |
               +--------+--------+--------+--------+--------+-----+--------+

Top non-repeatable levels by time:
    D:10: 2625 daAuts
     D:9: 1424 daAuts
     D:5: 1395 daAuts
     D:6: 1344 daAuts
     D:7: 1301 daAuts
     D:4: 1203 daAuts
     D:8: 1085 daAuts
     D:1: 1030 daAuts
     D:3: 920 daAuts
     D:2: 528 daAuts
  Temple: 89 daAuts
  Lair:1: 31 daAuts
